 Dungeon Crawl Stone Soup version 0.29-a0-23-ga79f92ac9c (webtiles) character file.

Game seed: 9396370714863702061

493 bande the Covered (level 7, 0/43 HPs)
             Began as a Gargoyle Fighter on Jan 31, 2022.
             Slain by an ogre (8 damage)
             ... on level 5 of the Dungeon.
             The game lasted 00:10:09 (4547 turns).

bande the Covered (Gargoyle Fighter)                Turns: 4547, Time: 00:10:09

Health: 0/43       AC: 19    Str: 20    XL:     7   Next: 15%
Magic:  7/7        EV:  5    Int:  8    God:
Gold:   129        SH:  4    Dex: 11    Spells: 6/6 levels left

rFire   . . .      SeeInvis .   a - +1 war axe
rCold   . . .      Faith    .   c - +0 buckler
rNeg    + . .      Spirit   .   g - +0 plate armour
rPois   ∞          Reflect  .   (no helmet)
rElec   +          Harm     .   (no cloak)
rCorr   .          Rampage  .   j - +1 pair of gloves
Will    .....                   (no boots)
Stlth   ..........              (no amulet)
HPRegen 0.14/turn               (no ring)
MPRegen 0.10/turn               (no ring)

@: no status effects
A: sickness immunity, AC +4, negative energy resistance 1, electricity
resistance, torment resistance 1, petrification resistance
a: no special abilities


You were on level 5 of the Dungeon.
You visited 1 branch of the dungeon, and saw 5 of its levels.

You collected 129 gold pieces.

Inventory:

Hand Weapons
 a - a +1 war axe (weapon)
 p - the +3 morningstar of Tixtafux {vamp, +Blink Dex+4}
   (You found it on level 4 of the Dungeon)

   It occasionally heals its wielder for a portion of the damage dealt when it
   wounds a living foe.
   Dex:       It affects your dexterity (+4).
   +Blink:    It lets you blink.
 r - a +0 war axe
Armour
 c - a +0 buckler (worn)
 g - a +0 plate armour (worn)
 j - a +1 pair of gloves (worn)
Jewellery
 k - a ring of fire
 l - an amulet of magic regeneration
 o - an amulet of faith
Wands
 b - a wand of polymorph (9)
Scrolls
 e - 2 scrolls of identify
 i - 2 scrolls of teleportation
 q - a scroll of enchant armour
Potions
 d - a potion of might
 f - 4 potions of curing
 h - a potion of brilliance
 m - a potion of haste
 n - a potion of heal wounds


   Skills:
 + Level 4.2 Fighting
 + Level 4.6 Axes
 + Level 4.7 Armour
 + Level 4.3 Shields
 + Level 0.8 Unarmed Combat
 * Level 1.9 Evocations


You had 6 spell levels left.
You didn't know any spells.
Your spell library contained the following spells:

 Spells                   Type           Power      Damage    Failure   Level
 Magic Dart               Conj           0%         1d3       100%        1
 Sting                    Tmut/Pois      0%         1d3       100%        1
 Call Imp                 Summ           0%         N/A       100%        2
 Poisonous Vapours        Pois/Air       0%         N/A       100%        2
 Mephitic Cloud           Conj/Pois/Air  0%         N/A       100%        3
 Olgreb's Toxic Radiance  Pois           0%         N/A       100%        4


Dungeon Overview and Level Annotations

Branches:
Dungeon (5/15)
 Temple: D:4-7

Altars:

Shops:
D:3 ?


Innate Abilities, Weirdness & Mutations

You are immune to sickness and miasma.
Your stone body is resilient. (AC +4)
You are immune to poison.
You resist negative energy. (rN+)
You are resistant to electric shocks. (rElec)
You are resistant to unholy torment.
You are immune to petrification.


Message History

You see here a scorpion corpse.
An adder comes into view.
The adder hisses angrily.
An adder is nearby!
You block the adder's attack. The adder bites you but does no damage.
You slash the adder!
The adder is almost dead.
The adder bites you.
You slash the adder!
You kill the adder!
No target in view!
No target in view!
No target in view!
No target in view!
You see here an adder corpse.
Found 25 stones.
Found a kite shield.
An ogre comes into view. It is wielding a +0 giant club.
The ogre shouts!
The ogre moves out of view.
No target in view!
You see here a scroll labelled JASAGA POTOCS.
You closely miss the ogre. The ogre hits you with a +0 giant club!
You hit the ogre.
The ogre is lightly wounded.
The ogre hits you with a +0 giant club!
You barely miss the ogre.
The ogre is lightly wounded.
You block the ogre's attack.
You slash the ogre!
The ogre is heavily wounded.
The ogre barely misses you.
You hit the ogre.
The ogre is severely wounded.
The ogre hits you with a +0 giant club!
* * * LOW HITPOINT WARNING * * *
You hit the ogre.
The ogre is almost dead.
The ogre hits you with a +0 giant club!
You die...

... ... #.# #.. # #.# .#
#.###.... ###### #.....#
#.....
#######?##..#.#####.####
.......@O.....#.....#...
#######.#######.........
#.# #......... ##.##
#......... #..<#
#......... #...#
##.......# #...#
#..##...# #...#
##...##.## #...####
#.......##


You could see an ogre.

Vanquished Creatures
  A necrophage (D:5)
  The ghost of HallandMoats the Skirmisher, an amateur VSFi (D:2)
  A scorpion (D:5)
  A bullfrog zombie (D:3)
  A hound (D:5)
  Terence (D:3)
  An orc wizard (D:4)
  A hound skeleton (D:4)
  4 adders
  An adder skeleton (D:4)
  4 worms
  2 dart slugs
  4 adder simulacra (D:3)
  3 orcs (D:4)
  3 ball pythons
  7 bats
  5 endoplasms
  4 giant cockroaches
  13 goblins
  10 hobgoblins
  2 jackals (D:1)
  3 quokkas
  5 frilled lizards
  6 kobolds
  9 rats
93 creatures vanquished.

Notes
Turn   | Place    | Note
-------+----------+-------------------------------------------
     0 | D:1      | bande the Gargoyle Fighter began the quest for the Orb.
     0 | D:1      | Reached XP level 1. HP: 14/14 MP: 1/1
   226 | D:1      | Reached XP level 2. HP: 17/19 MP: 2/2
   493 | D:1      | Noticed a great orb of eyes
   495 | D:1      | Found a faded altar of an unknown god.
   496 | D:1      | Noticed a golden eye
   496 | D:1      | Noticed an eye of devastation
   496 | D:1      | Noticed a great orb of eyes
   498 | D:1      | Reached XP level 3. HP: 23/23 MP: 3/3
  1693 | D:2      | You fall into a shaft and drop 1 floor!
  1693 | D:3      | Noticed Terence
  1712 | D:3      | Reached XP level 4. HP: 9/28 MP: 4/4
  1729 | D:3      | Killed Terence
  1958 | D:3      | Found Yjett's Magic Scroll Shoppe.
  2424 | D:3      | Found a runed translucent gate.
  2424 | D:3      | Found a runed translucent gate.
  2424 | D:3      | Found a runed translucent gate.
  2502 | D:3      | Noticed HallandMoats's ghost (amateur VSFi)
  2867 | D:3      | Reached XP level 5. HP: 33/33 MP: 5/5
  3093 | D:2      | Killed HallandMoats's ghost
  3414 | D:3      | Reached XP level 6. HP: 38/38 MP: 6/6
  3529 | D:4      | Reached skill level 1 in Evocations
  3886 | D:4      | Identified the +3 morningstar of Tixtafux {vamp, +Blink
                  | Dex+4}
  4205 | D:5      | Entered Level 5 of the Dungeon
  4302 | D:5      | Noticed a necrophage
  4306 | D:5      | Killed a necrophage
  4388 | D:5      | Reached XP level 7. HP: 33/43 MP: 7/7
  4547 | D:5      | Slain by an ogre

Illustrated notes

Levels and vault maps discovered:
D:1:      dpeg_arrival_concentric_ovals, layout_basic,
          hellmonk_ecumenical_altar_watching_god, st_stairs_3
D:2:      layout_loops_corners, corexii_item_surrounded_by_moat
D:3:      layout_basic, serial_shops, shop, gammafunk_ghost_icy, uniq_terence
D:4:      layout_rooms
D:5:      layout_loops_cross, water_maze_lemuel, uniq_edmund

Skill      XL: |  1  2  3  4  5  6 |
---------------+-------------------+-----
Axes           | 2 3 4 |  4.6
Armour         | 4 |  4.7
Shields        | 4 |  4.3
Evocations     | 1 |  1.9
Fighting       | 4 |  4.2
Unarmed Combat | |  0.8

Action                   |  1- 3 |  4- 6 |  7- 9 || total
-------------------------+-------+-------+-------++-------
Melee: War axe           |   104 |   163 |     8 ||   275
       Unarmed           |     9 |     8 |       ||    17
  Use: Scroll            |     2 |     9 |       ||    11
       Potion            |       |     2 |       ||     2
Armor: Scale mail        |    30 |       |       ||    30
       Plate armour      |    32 |   117 |     1 ||   150
       Skin              |     2 |       |       ||     2
Dodge: Dodged            |    51 |    51 |     1 ||   103
Block: Buckler           |    27 |    37 |     2 ||    66

Table legend: (Time is in decaauts)
 A = Elapsed time spent in this place.
 B = Non-inter-level travel time spent in this place.
 C = Inter-level travel time spent in this place.
 D = Time resting spent in this place.
 E = Time spent auto-exploring this place.
 F = Levels seen in this place.
 G = Mean time per level.
                   A        B        C        D        E       F      G
               +--------+--------+--------+--------+--------+-----+--------+
         Total |   4658 |   4634 |     24 |    633 |   2948 |   5 |  931.6 |
       Dungeon |   4658 |   4634 |     24 |    633 |   2948 |   5 |  931.6 |
               +--------+--------+--------+--------+--------+-----+--------+

Top non-repeatable levels by time:
     D:2: 1527 daAuts
     D:3: 1236 daAuts
     D:1: 843 daAuts
     D:4: 700 daAuts
     D:5: 350 daAuts
